[Event "World Junior U20 Girls 2018"]
[Site "Gebze"]
[Date "2018.09.13"]
[Round "9"]
[White "Hu, Yu A"]
[Black "Song, Yuxin"]
[Result "1/2-1/2"]
[ECO "C88"]
[WhiteElo "2009"]
[BlackElo "2156"]
[Annotator "NA"]
[PlyCount "70"]
[EventDate "2018.09.05"]
[EventType "swiss"]
[EventCountry "TUR"]
[SourceTitle "playchess.com"]
[Source "ChessBase"]
[SourceQuality "1"]
[TimeControl "40/5400+30:1800+30"]

1. e4 e5 2. Nf3 Nc6 3. Bb5 a6 4. Ba4 Nf6 5. O-O Be7 6. Re1 b5 7. Bb3 O-O 8. d3 d6 9. a3 Bg4 {[%emt 0:07:30] C88: Closed Ruy Lopez: Anti-Marshall Systems} (9... Nb8 10. Nbd2 Nbd7 11. Ba2 c5 12. Nf1 Nb6 13. Ng3 Qc7 14. Nh4 g6 15. Bh6 Re8 16. Qd2 Ng4 17. Bg5 Bxg5 18. Qxg5 {½-½ (33) Van Foreest,J (2609)-Anand,V (2783) Germany 2018}) 10. c3 Na5 11. Ba2 c5 12. Nbd2 Re8 $146 ({Predecessor:} 12... Nc6 13. Nf1 Be6 14. Bxe6 fxe6 {½-½ (14) Karpatchev,A (2475)-Kveinys,A (2524) Bad Woerishofen 2016}) 13. h3 Be6 14. Nf1 Bxa2 15. Rxa2 d5 16. Qc2 Bf8 17. Bg5 d4 18. cxd4 cxd4 19. b4 Rc8 20. Qd2 Nc6 21. Rc1 Qd6 22. Ng3 Nd7 23. Nf5 Qe6 24. Rac2 Ndb8 ({Black should try} 24... f6 $17) 25. Bh4 $11 f6 26. g4 g6 27. Nh6+ Kh8 28. Bg3 Qb3 29. Kg2 Bxh6 30. Qxh6 Qxd3 31. Bh4 Re6 32. Bxf6+ Rxf6 33. Ng5 Rc7 34. Rxc6 Nxc6 35. Rxc6 Rxf2+ 1/2-1/2

[Event "World Junior U20 Girls 2018"]
[Site "Gebze"]
[Date "2018.09.13"]
[Round "9"]
[White "Stanciu, Ioana-Georgiana"]
[Black "Pychova, Nela"]
[Result "0-1"]
[ECO "B32"]
[WhiteElo "2000"]
[BlackElo "2173"]
[Annotator "NA"]
[PlyCount "116"]
[EventDate "2018.09.05"]
[EventType "swiss"]
[EventCountry "TUR"]
[SourceTitle "playchess.com"]
[Source "ChessBase"]
[SourceQuality "1"]
[TimeControl "40/5400+30:1800+30"]

1. e4 c5 2. Nf3 Nc6 3. d4 cxd4 4. Nxd4 e5 5. Nb5 a6 6. Nd6+ Bxd6 7. Qxd6 Qe7 8. Qd2 {[%emt 0:06:00] B32: Sicilian: Löwenthal and Kalashnikov Variations} (8. Qd1 Nf6 9. Nc3 d6 10. Bg5 Be6 11. Nd5 Bxd5 12. exd5 Nb8 13. Qf3 Nbd7 14. O-O-O h6 15. Be3 h5 16. h3 O-O-O 17. Ba7 Nc5 {1-0 (80) Yu,Y (2759)-Li,C (2725) Ningbo 2018}) 8... Nf6 9. Nc3 d6 10. b3 O-O 11. Ba3 Rd8 $146 ({Predecessor:} 11... Rb8 12. O-O-O Nd4 13. f4 Qc7 14. Bb2 b5 15. Bd3 Bb7 {0-1 (23) Ehrler,E-Roeder,F Kitzingen 1980}) 12. O-O-O b5 13. Nd5 Nxd5 14. exd5 Nb8 15. Bd3 Nd7 16. g4 Nf6 17. f3 Bb7 18. Be4 Nxe4 19. fxe4 a5 20. Kb1 b4 21. Bb2 Ba6 22. h4 Rf8 23. h5 {[%emt 0:01:30] [#]} h6 $1 24. Bc1 f6 25. Qf2 Bc8 26. Rdg1 a4 27. Be3 Qc7 28. Qd2 Qc3 29. Qxc3 bxc3 30. Rh3 Rf7 31. Bf2 Rc7 32. Bb6 Rb7 33. Be3 Rb4 34. Bc1 Rxe4 35. Rxc3 Bxg4 36. Rc6 axb3 37. axb3 Rd8 38. c4 f5 39. b4 Rd7 40. b5 Be2 41. Bxh6 Rxc4 42. b6 Rb4+ 43. Kc2 Kh7 44. Bg5 Bf3 45. Be3 Bxd5 46. Rc8 Rc4+ 47. Rxc4 Bxc4 48. Kc3 Ba6 49. Rg5 f4 $19 50. Bg1 Rf7 51. Rg6 Rf6 52. Rg4 Kh6 53. Bf2 Bb7 54. Kc4 d5+ 55. Kd3 d4 56. Kd2 Rxb6 57. Kc2 Be4+ 58. Kc1 Rb1+ 0-1

[Event "World Junior U20 Girls 2018"]
[Site "Gebze"]
[Date "2018.09.13"]
[Round "9"]
[White "Nemcova, Karin"]
[Black "Duran, Esma Doga"]
[Result "1/2-1/2"]
[ECO "B46"]
[WhiteElo "1990"]
[BlackElo "1825"]
[Annotator "NA"]
[PlyCount "106"]
[EventDate "2018.09.05"]
[EventType "swiss"]
[EventCountry "TUR"]
[SourceTitle "playchess.com"]
[Source "ChessBase"]
[SourceQuality "1"]
[TimeControl "40/5400+30:1800+30"]

1. e4 c5 2. Nf3 e6 3. d4 cxd4 4. Nxd4 Nc6 5. Nc3 a6 {[%emt 0:00:00] LiveBook: 5137 Games} 6. Bf4 d6 7. Bg3 e5 {[%emt 0:07:30] B46: Sicilian: Taimanov: 5 Nc3 a6} 8. Nxc6 bxc6 9. Be2 (9. Bc4 Nf6 10. Qd3 Be7 11. O-O-O O-O 12. Bh4 Ne8 13. Bxe7 Qxe7 14. Qe3 Be6 15. Bb3 {0-1 (28) Grigoriants,S (2574)-Alekseev,E (2692) Yerevan 2014}) 9... Be7 $146 ({Predecessor:} 9... Nf6 10. Qd2 Be7 11. Rd1 Rb8 12. b3 O-O 13. O-O Qc7 14. Kh1 Rb4 15. f4 {½-½ (30) Narayanan,S (2477)-Mishra,N (2328) Noida 2016}) 10. f4 exf4 11. Bxf4 Be6 12. Qd2 Nf6 13. O-O O-O 14. b3 Qb6+ 15. Kh1 d5 16. exd5 cxd5 17. Bd3 Rac8 18. Na4 Qb7 19. Qe2 Bg4 20. Bxa6 Bxe2 21. Bxb7 Bxf1 22. Bxc8 Rxc8 23. Rxf1 Rxc2 24. Rc1 Rxa2 25. Rc8+ Bf8 26. h3 Re2 (26... Ne4 $17 27. Nb6 g5) 27. Nc3 Rc2 28. Bd6 Nd7 29. Bxf8 $11 Nxf8 30. Nxd5 Rxc8 31. Ne7+ Kh8 32. Nxc8 Nd7 33. Kg1 f5 34. Kf1 g6 35. Ke2 Kg7 36. b4 Kf6 37. Ke3 Ke5 38. b5 g5 39. Ne7 h5 40. g3 Nb6 41. h4 gxh4 42. gxh4 f4+ 43. Kf3 Kf6 44. Nc6 Kf5 45. Nd4+ Ke5 46. Ne2 Nd5 47. Nc1 Kd4 48. b6 Nxb6 49. Kxf4 Nd5+ 50. Kg5 Ne3 51. Ne2+ Ke5 52. Nf4 Nf5 53. Nxh5 Nxh4 1/2-1/2

[Event "World Junior U20 Girls 2018"]
[Site "Gebze"]
[Date "2018.09.13"]
[Round "9"]
[White "Aubert, Laurane"]
[Black "Gur, Tuba"]
[Result "1-0"]
[ECO "B43"]
[WhiteElo "1970"]
[BlackElo "1724"]
[Annotator "NA"]
[PlyCount "87"]
[EventDate "2018.09.05"]
[EventType "swiss"]
[EventCountry "TUR"]
[SourceTitle "playchess.com"]
[Source "ChessBase"]
[SourceQuality "1"]
[TimeControl "40/5400+30:1800+30"]

1. e4 c5 2. Nc3 e6 3. Nge2 a6 4. d4 cxd4 5. Nxd4 b5 6. Bd3 Bb7 7. O-O Qc7 8. h3 Nf6 9. Re1 b4 10. Nb1 Bc5 11. Nb3 Be7 12. e5 Nd5 13. Qg4 (13. c3 $14) 13... g6 14. N1d2 f5 $14 15. Qg3 g5 16. Nf3 h6 17. h4 g4 18. Nfd4 h5 19. Bxf5 exf5 20. Nxf5 Nc6 21. Nd6+ Kf8 22. Qd3 Nxe5 23. Qf5+ Nf6 24. Nxb7 Nf7 25. N7c5 a5 26. Bf4 Qc6 27. Rad1 Rd8 28. Nd3 d6 29. Nd4 Qc8 30. Ne6+ Ke8 31. Qb5+ Qd7 32. Qxa5 Rc8 33. Qxb4 d5 34. Qb3 Ne4 35. Nd4 Bxh4 36. g3 Be7 37. Nb5 h4 38. Nc3 hxg3 39. fxg3 Nfg5 40. Bxg5 Nxg5 41. Kg2 Qf5 42. Nf4 Nf3 43. Rh1 Kf7 44. Rxd5 1-0

[Event "World Junior U20 Girls 2018"]
[Site "Gebze"]
[Date "2018.09.13"]
[Round "9"]
[White "Kyrkjebo, Hanna B"]
[Black "Yorgun, Yaren Naz"]
[Result "1/2-1/2"]
[ECO "C01"]
[WhiteElo "1947"]
[BlackElo "1751"]
[Annotator "NA"]
[PlyCount "96"]
[EventDate "2018.09.05"]
[EventType "swiss"]
[EventCountry "TUR"]
[SourceTitle "playchess.com"]
[Source "ChessBase"]
[SourceQuality "1"]
[TimeControl "40/5400+30:1800+30"]

1. e4 e6 2. d4 d5 3. Bd3 Nf6 4. e5 Nfd7 5. Ne2 c5 {[%emt 0:00:00] C01: French: Exchange Variation} 6. c3 Nc6 (6... b6 7. Nf4 Qc7 8. Qh5 cxd4 9. Nxe6 Qxe5+ 10. Qxe5 Nxe5 11. Bb5+ Bd7 12. Nxd4 Nbc6 13. Nxc6 Bxc6 {1-0 (68) Vavulin,M (2453)-Bortnyk,O (2533) Moscow 2015}) 7. a3 Qb6 8. b4 $146 ({Predecessor:} 8. Bc2 Be7 9. O-O Nf8 10. dxc5 Qc7 11. f4 Bxc5+ 12. Kh1 Ng6 13. Nd2 {0-1 (30) Ulyanovskyy,V (2255)-Silverio,L (2140) Portugal 2003}) 8... cxd4 9. cxd4 a6 10. Be3 Be7 11. O-O O-O 12. Nbc3 Rd8 13. Qc2 Nf8 14. Rac1 Bd7 15. Qb3 Na7 16. Rc2 Nc8 17. Rfc1 Qa7 18. a4 Qb8 19. Ra2 a5 20. bxa5 Rxa5 21. Rb1 Bc6 $16 22. Bd2 Ra7 23. Nb5 Ra8 24. a5 Nd7 25. Qc2 g6 26. a6 Rxa6 27. Rxa6 bxa6 28. Ba5 Bxb5 29. Bxb5 axb5 30. Bxd8 Bxd8 31. Qc6 Ncb6 32. Qxb5 Kg7 33. h3 Qa7 34. Nc3 Qc7 35. Qb4 Qc4 36. Nb5 Qxb4 37. Rxb4 Be7 38. Rb1 f6 39. exf6+ Kxf6 40. Re1 e5 41. dxe5+ Nxe5 42. Nd4 Bc5 43. Nb3 Bb4 44. Rc1 Nec4 45. Nd4 Bc5 46. Nb3 Bd6 47. Rd1 Be5 48. g3 g5 1/2-1/2

[Event "World Junior U20 Girls 2018"]
[Site "Gebze"]
[Date "2018.09.13"]
[Round "9"]
[White "Kocyigit, Buse Naz"]
[Black "Catal, Uktenur"]
[Result "1-0"]
[ECO "D32"]
[WhiteElo "1944"]
[BlackElo "1809"]
[Annotator "NA"]
[PlyCount "61"]
[EventDate "2018.09.05"]
[EventType "swiss"]
[EventCountry "TUR"]
[SourceTitle "playchess.com"]
[Source "ChessBase"]
[SourceQuality "1"]
[TimeControl "40/5400+30:1800+30"]

1. d4 e6 2. Nf3 d5 3. c4 c5 4. cxd5 exd5 5. Nc3 Nc6 6. e3 Nf6 7. Be2 Be7 8. O-O O-O 9. b3 Ne4 10. Bb2 Bf6 11. Na4 b6 12. Rc1 $11 Bb7 13. Ba3 Nb4 14. dxc5 Nxa2 15. Rc2 Nac3 16. Nxc3 Nxc3 17. Rxc3 Bxc3 18. c6 Bxc6 19. Qc2 d4 20. Bxf8 Kxf8 21. exd4 Bxf3 22. Bxf3 Rc8 23. Qxh7 Rc7 24. Qh8+ Ke7 25. Qxg7 Qxd4 26. Re1+ Kd6 27. Qg3+ Kd7 28. Rd1 Bd2 29. Qg4+ Qxg4 30. Bxg4+ f5 31. Rxd2+ 1-0

[Event "World Junior U20 Girls 2018"]
[Site "Gebze"]
[Date "2018.09.13"]
[Round "9"]
[White "Kyrkjebo, Marte B"]
[Black "Koo, Wei Xin Rosamund"]
[Result "1/2-1/2"]
[ECO "B31"]
[WhiteElo "1935"]
[BlackElo "1918"]
[Annotator "NA"]
[PlyCount "62"]
[EventDate "2018.09.05"]
[EventType "swiss"]
[EventCountry "TUR"]
[SourceTitle "playchess.com"]
[Source "ChessBase"]
[SourceQuality "1"]
[TimeControl "40/5400+30:1800+30"]

1. e4 c5 2. Nf3 Nc6 3. Bb5 g6 4. Bxc6 bxc6 5. O-O Bg7 6. Re1 Nf6 7. e5 Nd5 8. c4 Nc7 9. d4 cxd4 10. Qxd4 Ne6 11. Qh4 O-O 12. Bh6 {[%emt 0:06:30] LiveBook: 11 Games B31: Sicilian: 2...Nc6 3 Bb5 g6} d6 (12... f6 13. Bxg7 Kxg7 14. Nc3 h6 15. Nd4 Ng5 16. f4 Nf7 17. Rad1 Qb6 18. Kh1 fxe5 19. fxe5 Ng5 {1-0 (58) Quesada Perez,Y (2632)-Duran Vega,S (2377) Merida 2016}) 13. Bxg7 Kxg7 14. Nc3 dxe5 15. Nxe5 Qc7 16. Qe4 $146 ({Predecessor:} 16. Re3 f6 17. Nd3 Rf7 18. Rae1 Nf8 19. Ne4 Bf5 20. Nec5 Rd8 21. Qg3 {0-1 (30) Eminov,O (2274)-Erden,K (2235) Konya 2017}) 16... Bb7 17. Nxf7 Rxf7 18. Qxe6 Qb6 19. Ne4 Raf8 20. c5 Qc7 21. Ng5 Bc8 22. Qe4 Rf4 23. Ne6+ Bxe6 24. Qxe6 Rxf2 25. Qxe7+ Qxe7 26. Rxe7+ Kh6 $11 27. Rae1 Rxb2 28. R7e2 Rfb8 29. Rxb2 Rxb2 30. Re6 Rxa2 31. Rxc6 a5 1/2-1/2

[Event "World Junior U20 Girls 2018"]
[Site "Gebze"]
[Date "2018.09.13"]
[Round "9"]
[White "Doroy Allaney Jia G"]
[Black "Ozbay, Ece"]
[Result "0-1"]
[ECO "A11"]
[WhiteElo "1914"]
[BlackElo "2114"]
[Annotator "NA"]
[PlyCount "86"]
[EventDate "2018.09.05"]
[EventType "swiss"]
[EventCountry "TUR"]
[SourceTitle "playchess.com"]
[Source "ChessBase"]
[SourceQuality "1"]
[TimeControl "40/5400+30:1800+30"]

1. c4 c6 2. g3 d5 3. Bg2 Nf6 4. Nf3 Bg4 5. O-O e6 6. Qc2 Bd6 7. d3 Nbd7 8. Nbd2 a5 9. b3 Qc7 10. Bb2 h5 11. cxd5 exd5 12. e4 O-O-O 13. Ng5 h4 $18 (13... dxe4 $16 {was worth a try.} 14. Ndxe4 (14. Nxf7 exd3 15. Qxd3 Ne5 $16) 14... Nxe4 15. dxe4 (15. Nxe4 Bf8 $14) 15... Ne5) 14. Nxf7 hxg3 15. Nxd6+ Qxd6 16. hxg3 dxe4 17. dxe4 Ne5 18. Qc3 Qxd2 19. Qxe5 Qh6 20. Rfe1 Qh2+ 21. Kf1 Bh3 22. Bxh3+ Qxh3+ 23. Ke2 Rhe8 24. Qxa5 Rxe4+ 25. Kf3 Rd3+ 26. Re3 Rexe3+ 27. fxe3 Qg4+ 28. Kg2 Qe2+ 29. Kh1 Rd5 30. Qa8+ Kc7 31. Bxf6 gxf6 32. Qe8 Rh5+ 33. Kg1 Qh2+ 34. Kf1 Rf5+ 35. Ke1 Qf2+ 36. Kd1 Rd5+ 37. Kc1 Qe1+ 38. Kb2 Rd2+ 39. Kc3 Rd1+ 40. Kb2 Qd2+ 41. Ka3 Qa5+ 42. Kb2 Rd2+ 43. Kb1 Qf5+ 0-1

[Event "World Junior U20 Girls 2018"]
[Site "Gebze"]
[Date "2018.09.13"]
[Round "9"]
[White "Koljevic, Nikolina"]
[Black "Ayan, Bengu Sena"]
[Result "1/2-1/2"]
[ECO "C14"]
[WhiteElo "1898"]
[BlackElo "1976"]
[Annotator "NA"]
[PlyCount "83"]
[EventDate "2018.09.05"]
[EventType "swiss"]
[EventCountry "TUR"]
[SourceTitle "playchess.com"]
[Source "ChessBase"]
[SourceQuality "1"]
[TimeControl "40/5400+30:1800+30"]

1. e4 e6 2. d4 d5 3. Nc3 Nf6 4. Bg5 Be7 5. e5 Nfd7 6. Bxe7 Qxe7 $11 {[%emt 0:00:00] LiveBook: 1609 Games} 7. f4 a6 8. Nf3 c5 9. Qd2 Nc6 10. dxc5 Nxc5 11. Bd3 Bd7 12. O-O h6 13. Kh1 g6 14. Rae1 b5 15. a3 Bc8 16. Ne2 Bb7 17. Ned4 Qc7 18. Qe3 Nxd4 19. Nxd4 Qb6 20. Rf3 O-O-O 21. Nb3 d4 22. Qf2 Bxf3 23. Qxf3 Nxd3 24. Qxd3 Rd7 25. Nd2 Rhd8 26. Ne4 Kb8 27. b4 Qc6 28. Nc5 Rd5 29. a4 Rxc5 30. bxc5 Qxc5 31. axb5 axb5 32. Rb1 Rd5 33. h3 Kc7 34. Qb3 Kd7 35. Ra1 Ke7 36. Ra8 Rd8 37. Qa2 Rxa8 38. Qxa8 Qb6 39. Qa3+ b4 40. Qa8 Qc5 41. Qb8 h5 42. Kh2 1/2-1/2

[Event "World Junior U20 Girls 2018"]
[Site "Gebze"]
[Date "2018.09.13"]
[Round "9"]
[White "Nass, Sara"]
[Black "Du, Yuxin"]
[Result "1-0"]
[ECO "B19"]
[WhiteElo "1888"]
[BlackElo "2146"]
[Annotator "NA"]
[PlyCount "97"]
[EventDate "2018.09.05"]
[EventType "swiss"]
[EventCountry "TUR"]
[SourceTitle "playchess.com"]
[Source "ChessBase"]
[SourceQuality "1"]
[TimeControl "40/5400+30:1800+30"]

1. e4 c6 2. d4 d5 3. Nc3 dxe4 4. Nxe4 Bf5 5. Ng3 Bg6 6. h4 h6 7. Nf3 {[%emt 0:00:00] LiveBook: 7229 Games} Nd7 8. h5 Bh7 9. Bd3 Bxd3 10. Qxd3 e6 11. Bf4 Qa5+ {[%emt 0:00:30] B19: Classical Caro-Kann: 4...Bf5 main line} 12. Bd2 Bb4 13. c3 Be7 14. c4 Qa6 (14... Qc7 15. d5 cxd5 16. cxd5 Qd6 17. Qb5 Ngf6 18. dxe6 Qxe6+ 19. Kf1 {1-0 (64) Kokarev,D (2622)-Rozum,I (2586) Khanty-Mansiysk 2017}) 15. O-O Ngf6 16. Rfe1 O-O 17. Nf5 exf5 18. Rxe7 Rfe8 19. Rae1 Rxe7 20. Rxe7 Kf8 $146 21. Rxd7 Nxd7 22. Qxf5 Rd8 23. Qh7 Qxc4 24. Qh8+ Ke7 25. Qxg7 Qxa2 26. Bxh6 Qb1+ 27. Kh2 Nf6 28. Bg5 Qf5 29. Ne5 Rxd4 30. Qxf7+ Kd6 31. Qxf6+ Qxf6 32. Bxf6 Ke6 33. Nf3 Rd5 34. Bg5 a5 35. g4 a4 36. Be3 Kf7 37. h6 c5 38. g5 b5 39. h7 Kg7 40. g6 Rh5+ 41. Kg3 Kxg6 42. Ng5 b4 43. f4 c4 44. Kg4 Rh6 45. f5+ Kg7 46. Bd4+ Kf8 47. h8=Q+ Rxh8 48. Bxh8 Kg8 49. Bd4 1-0

[Event "World Junior U20 Girls 2018"]
[Site "Gebze"]
[Date "2018.09.13"]
[Round "9"]
[White "Aydin, Gulenay"]
[Black "Nastase, Andreea-Cristina"]
[Result "0-1"]
[ECO "B80"]
[WhiteElo "1882"]
[BlackElo "1983"]
[Annotator "NA"]
[PlyCount "136"]
[EventDate "2018.09.05"]
[EventType "swiss"]
[EventCountry "TUR"]
[SourceTitle "playchess.com"]
[Source "ChessBase"]
[SourceQuality "1"]
[TimeControl "40/5400+30:1800+30"]

1. e4 c5 2. Nf3 d6 3. d4 cxd4 4. Nxd4 Nf6 5. Nc3 a6 6. f3 e6 7. Be3 b5 8. Qd2 Nbd7 9. g4 Nb6 10. a4 {[%emt 0:01:30] B80: Sicilian Scheveningen: 6 g3 and 6 Be3, including English Attack} Nc4 11. Bxc4 bxc4 12. g5 (12. a5 Qc7 13. g5 Nd7 14. Kd1 Rb8 15. Kc1 Nc5 16. Na4 Nxa4 17. Rxa4 Be7 {0-1 (53) Yu,Y (2734)-Xu,J (2534) Wuxi 2016}) 12... Nd7 13. f4 Bb7 14. f5 e5 15. Nf3 h6 $146 ({Predecessor:} 15... Qa5 16. O-O Rc8 17. Qe2 Be7 18. Rfd1 h6 {½-½ (29) Tiemann,H (2470)-Avotins,M (2465) ICCF email 2009}) 16. O-O-O (16. gxh6 $16 gxh6 17. Qe2) 16... hxg5 17. Bxg5 Qa5 18. Kb1 Rc8 19. Be3 Bc6 20. Ng5 Rb8 21. Nd5 Qxd2 22. Rxd2 Bxd5 23. Rxd5 Nf6 24. Rdd1 Nd7 25. Rd5 Nf6 26. Rdd1 Rh4 27. Bf2 Rg4 28. Rhg1 Rxg5 29. Rxg5 Nxe4 30. Rgg1 Nc3+ 31. Kc1 Ne2+ 32. Kb1 Nxg1 33. Rxg1 f6 34. c3 Kf7 35. Kc2 Be7 36. h4 Rh8 37. Rf1 Rh5 38. Be1 g6 39. fxg6+ Kxg6 40. b3 cxb3+ 41. Kxb3 f5 42. Kc4 Bxh4 43. Kd5 $19 Bxe1 44. Rxe1 Kf6 45. Kxd6 e4 46. c4 Rh2 47. c5 Rd2+ 48. Kc7 Ra2 49. c6 Rc2 50. Kd7 Ke5 51. c7 f4 52. a5 f3 53. c8=Q Rxc8 54. Kxc8 f2 55. Rf1 e3 56. Kb7 e2 57. Rxf2 e1=Q 58. Rh2 Qb1+ 59. Kxa6 Qd3+ 60. Kb6 Qe3+ 61. Kb5 Ke6 62. Kc6 Qe4+ 63. Kb6 Qd4+ 64. Kb7 Qd5+ 65. Ka7 Qxa5+ 66. Kb7 Qd5+ 67. Ka7 Qd7+ 68. Ka8 Qc8+ 0-1

[Event "World Junior U20 Girls 2018"]
[Site "Gebze"]
[Date "2018.09.13"]
[Round "9"]
[White "Bail, Ellen Larissa"]
[Black "Vujcic, Milena"]
[Result "0-1"]
[ECO "E81"]
[WhiteElo "1832"]
[BlackElo "1955"]
[Annotator "NA"]
[PlyCount "80"]
[EventDate "2018.09.05"]
[EventType "swiss"]
[EventCountry "TUR"]
[SourceTitle "playchess.com"]
[Source "ChessBase"]
[SourceQuality "1"]
[TimeControl "40/5400+30:1800+30"]

1. d4 Nf6 2. c4 g6 3. Nc3 Bg7 4. e4 d6 5. f3 O-O 6. Be3 c5 7. Nge2 Nc6 8. d5 Ne5 9. Ng3 h5 10. h4 {[%emt 0:02:30] E81: Königsindisch (Sämisch-Angriff)} (10. Be2 h4 11. Nf1 e6 12. Bg5 exd5 13. Nxd5 h3 14. gxh3 Bxh3 15. Ng3 Qa5+ 16. b4 Qd8 17. bxc5 Qa5+ {½-½ (89) Sethuraman,S (2631)-Jones,G (2675) Dubai 2018}) 10... Qa5 11. Qd2 a6 12. Be2 Bd7 13. O-O b5 14. cxb5 $146 ({Vorgänger:} 14. Nb1 Nxc4 15. Bxc4 Qxd2 16. Nxd2 bxc4 17. Nxc4 {1-0 (51) Henke,S (1474)-Fiser,O (1318) LSS email 2014}) 14... axb5 15. Bh6 b4 16. Nd1 Qb6 17. Bxg7 Kxg7 18. Ne3 Ra7 19. b3 Rfa8 20. Kh1 Bb5 21. Rfc1 Bxe2 22. Qxe2 Qa6 23. Nc4 Nxc4 24. Rxc4 Nd7 25. f4 Nb6 26. Qb2+ Kh7 27. Rcc1 Qd3 28. Kh2 $19 (28. Qf2 $17) 28... Ra3 29. f5 Nd7 30. fxg6+ fxg6 31. Rf1 Ne5 32. Qe2 Qxe2 33. Nxe2 Rxa2 34. Rxa2 Rxa2 35. Nf4 Ng4+ 36. Kg3 Ra3 37. Rf3 Nf6 38. Re3 Ng4 39. Rf3 Ne5 40. Re3 c4 0-1

[Event "World Junior U20 Girls 2018"]
[Site "Gebze"]
[Date "2018.09.13"]
[Round "9"]
[White "Caxita, Esperanca"]
[Black "Tian, Shi Yuan"]
[Result "1/2-1/2"]
[ECO "C02"]
[WhiteElo "1803"]
[BlackElo "1923"]
[Annotator "NA"]
[PlyCount "116"]
[EventDate "2018.09.05"]
[EventType "swiss"]
[EventCountry "TUR"]
[SourceTitle "playchess.com"]
[Source "ChessBase"]
[SourceQuality "1"]
[TimeControl "40/5400+30:1800+30"]

1. e4 e6 2. d4 d5 3. e5 c5 4. c3 Nc6 5. Nf3 Bd7 6. Bd3 Qb6 7. dxc5 Bxc5 8. O-O Qc7 9. Qe2 Nge7 {[%emt 0:05:30] C02: Französische Verteidigung (Vorstoßvariante)} (9... a5 10. Na3 Bxa3 11. bxa3 Nge7 12. Rb1 Ng6 13. Re1 O-O 14. h4 f5 15. h5 Nh8 16. h6 Nf7 17. hxg7 Kxg7 {1-0 (61) Kiik,K (2395)-Sipila,V (2435) Naantali 2012}) 10. Bf4 a6 11. Nbd2 Rc8 12. Nb3 Ba7 13. Bg3 Na5 $146 ({Vorgänger:} 13... Nf5 14. Bxf5 exf5 15. e6 f4 16. exd7+ Kxd7 17. Qd3 fxg3 18. Qxd5+ {½-½ (49) Nussbaumer,H-Trost,H Bayern 2000}) 14. Nxa5 Qxa5 15. Rfe1 Bb5 16. Bxb5+ axb5 17. a3 O-O 18. Rad1 Nf5 19. Bf4 Rc4 20. Bc1 $11 Rfc8 21. h3 Qa4 22. Qd3 Qa5 23. Nd2 R4c6 24. Nf3 Rc4 25. g4 Ne7 26. Be3 h6 27. Nd2 Bxe3 28. Nxc4 Bxf2+ 29. Kxf2 bxc4 30. Qe3 Qc7 31. Kg2 Ng6 32. Rd2 Nf8 33. Rf2 Ng6 34. Qg3 Rf8 35. h4 Qd8 36. h5 Nh8 37. Qe3 Qh4 38. Qf4 f5 39. exf6 Rxf6 40. Qg3 Rxf2+ 41. Kxf2 Qf6+ 42. Kg2 Nf7 43. Rf1 Qe7 44. Qf4 Nd6 45. Rf2 e5 46. Re2 Ne4 47. Qf5 Qh4 48. Rxe4 dxe4 49. Qxe4 b5 50. a4 bxa4 51. Qxc4+ Kh8 52. Qxa4 Qe1 53. Qe8+ Kh7 54. Qg6+ Kh8 55. Qc2 e4 56. Qf2 Qc1 57. Qe2 Qf4 58. b4 e3 1/2-1/2

[Event "World Junior U20 Girls 2018"]
[Site "Gebze"]
[Date "2018.09.13"]
[Round "9"]
[White "Can, Isil"]
[Black "Auvray, Honorine"]
[Result "0-1"]
[ECO "B66"]
[WhiteElo "1798"]
[BlackElo "2050"]
[Annotator "NA RC"]
[PlyCount "102"]
[EventDate "2018.09.05"]
[EventType "swiss"]
[EventCountry "TUR"]
[SourceTitle "playchess.com"]
[Source "ChessBase"]
[SourceQuality "1"]
[TimeControl "40/5400+30:1800+30"]

1. e4 c5 2. Nf3 Nc6 3. d4 cxd4 4. Nxd4 Nf6 5. Nc3 d6 6. Bg5 e6 7. Qd2 a6 8. O-O-O Nxd4 9. Qxd4 Be7 10. f4 b5 11. Bxf6 gxf6 12. e5 d5 13. Kb1 Bb7 {[%emt 0:00:30] B66: Sicilian: Richter-Rauzer: 7...a6 8 0-0-0 h6} 14. f5 fxe5 15. Qxe5 Bf6 16. Qg3 {[%emt 0:00:00] [#]} Bh4 $146 ({Predecessor:} 16... Qe7 17. fxe6 fxe6 18. Be2 h5 19. a4 h4 20. Qg6+ Qf7 21. Qg4 Rg8 22. Qh3 Rg5 23. Bg4 Ke7 24. Rhe1 Be5 25. Qe3 Rag8 26. Qa7 {1-0 (26) Akopian,V (2679)-Mamedyarov,S (2731) Dresden 2008}) 17. Qh3 Bc8 18. g4 Qg5 19. Qf3 O-O 20. Bd3 Bd7 21. Ne2 Kh8 22. Rhg1 Rg8 23. Nf4 a5 24. Ng2 Qxg4 25. Qxg4 Rxg4 26. h3 Rd4 27. c3 Rxd3 28. Rxd3 Rg8 29. Rdd1 Bf2 $11 30. Rgf1 Rxg2 31. Rd2 Kg7 32. Rdxf2 Rxf2 33. Rxf2 e5 34. f6+ Kg6 35. h4 Bf5+ 36. Kc1 Kxf6 37. Kd2 Ke6 38. Rg2 Bg6 39. Rg5 f6 40. Rg2 e4 41. Ke3 Ke5 42. Rg4 f5 43. Rg5 Bf7 44. a3 h6 45. Rg7 f4+ 46. Kf2 e3+ 47. Ke1 Bh5 48. Rh7 f3 49. Rxh6 f2+ 50. Kf1 Bg4 51. Kg2 Bh3+ 0-1

[Event "World Junior U20 Girls 2018"]
[Site "Gebze"]
[Date "2018.09.13"]
[Round "9"]
[White "Anacoglu, Cisel"]
[Black "Kamalidenova, Meruert"]
[Result "1/2-1/2"]
[ECO "C14"]
[WhiteElo "1791"]
[BlackElo "2011"]
[Annotator "NA"]
[PlyCount "74"]
[EventDate "2018.09.05"]
[EventType "swiss"]
[EventCountry "TUR"]
[SourceTitle "playchess.com"]
[Source "ChessBase"]
[SourceQuality "1"]
[TimeControl "40/5400+30:1800+30"]

1. e4 e6 2. d4 d5 3. Nc3 Nf6 4. Bg5 Be7 5. e5 Nfd7 6. Bxe7 Qxe7 7. f4 a6 8. Nf3 c5 9. dxc5 Nxc5 10. Qd2 Nc6 11. O-O-O b5 12. Bd3 b4 {[%emt 0:01:30] C14: French: Classical System: 4 Bg5 Be7 main line} 13. Ne2 Nxd3+ (13... a5 14. Kb1 Ba6 15. Ned4 Nxd4 16. Nxd4 O-O 17. Qe3 Rfc8 18. f5 b3 19. Bxa6 bxa2+ 20. Ka1 Rxa6 {0-1 (34) Horvath,A (2515)-Moroni,L (2448) Prague 2016}) 14. cxd3 a5 15. Kb1 Ba6 16. Rc1 Qb7 17. Ned4 $146 ({Predecessor:} 17. Rc5 O-O 18. Rhc1 Rfc8 19. Ne1 a4 20. Qe3 {1-0 (44) Mueller,D (2208)-Kleifges,M Germany 2000}) 17... Nxd4 18. Nxd4 a4 19. f5 exf5 20. Nxf5 O-O 21. Rhf1 f6 22. e6 g6 23. e7 Rfb8 24. e8=Q+ Rxe8 25. Nd6 Qb6 26. Nxe8 Rxe8 27. Rfe1 Rxe1 28. Rxe1 Qd4 29. Rd1 a3 30. bxa3 $16 bxa3 31. Qc2 g5 32. Qb3 Qc5 33. Rc1 Qd4 34. Rd1 Qc5 35. Rc1 Qd4 36. Rd1 Qc5 37. Rc1 Qd4 1/2-1/2